 Dungeon Crawl Stone Soup version 0.27.1-33-g824d729ab1 (webtiles) character file.

Game seed: 859267326870336301

825 pkoi the Ruffian (level 7, -4/55 HPs)
             Began as a Grey Draconian Gladiator on Nov 30, 2021.
             Was an Initiate of Gozag.
             Engulfed by a steam dragon's steam (5 damage)
             ... on level 5 of the Dungeon.
             The game lasted 00:07:06 (6163 turns).

pkoi the Ruffian (Grey Draconian Gladiator)         Turns: 6163, Time: 00:07:07

Health: -4/55      AC: 13    Str: 16    XL:     7   Next: 64%
Magic:  8/10       EV: 12    Int: 11    God:    Gozag
Gold:   301        SH:  0    Dex: 12    Spells: 3/10 levels left

rFire    . . .     SeeInvis .     - Unarmed
rCold    . . .     Faith    .   (no shield)
rNeg     . . .     Spirit   .   (armour unavailable)
rPois    .         Reflect  .   a - +1 hat
rElec    .         Harm     .   (no cloak)
rCorr    .         Rampage  .   d - +0 pair of gloves
Will     .....                  (no boots)
Stlth    +.........             (no amulet)
HPRegen  0.18/turn              (no ring)
MPRegen  0.12/turn              (no ring)

@: brilliant
A: AC +11, amphibious, unfitting armour, cold-blooded
a: Renounce Religion, Potion Petition, Call Merchant, Bribe Branch


You were on level 5 of the Dungeon.
You worshipped Gozag.
Gozag was aware of your devotion.
You visited 2 branches of the dungeon, and saw 6 of its levels.

You collected 346 gold pieces.
You paid 45 gold pieces to Gozag.

Inventory:

Hand Weapons
 m - a +1 dagger of electrocution
Missiles
 b - 3 throwing nets
 h - 4 atropa-tipped darts
Armour
 a - a +1 hat (worn)
 d - a +0 pair of gloves (worn)
 n - a +0 pair of boots
Wands
 l - a wand of iceblast (8)
Scrolls
 e - a scroll of enchant weapon
 g - 5 scrolls of identify
 i - 4 scrolls of fear
 p - a scroll of amnesia {unknown}
 q - a scroll of acquirement {unknown}
Potions
 c - a potion of haste {unknown}
 f - a potion of might {unknown}
 j - a potion of brilliance
 k - a potion of resistance {unknown}
 o - a potion of mutation {unknown}


   Skills:
 - Level 2.1 Fighting
 - Level 1.7 Throwing
 - Level 2.6 Dodging
 + Level 6.3 Unarmed Combat
 - Level 2.0 Spellcasting
 + Level 3.6 Summonings
 - Level 4.0 Translocations
 + Level 1.4 Ice Magic


You had 3 spell levels left.
You knew the following spells:

 Your Spells              Type           Power      Damage    Failure   Level
a - Apportation           Tloc           28%        N/A       5%          1
b - Call Imp              Summ           13%        N/A       10%         2
c - Summon Ice Beast      Ice/Summ       9%         N/A       71%         4

Your spell library contained the following spells:

 Spells                   Type           Power      Damage    Failure   Level
 Summon Small Mammal      Summ           52%        N/A       7%          1
 Animate Skeleton         Necr           2%         N/A       28%         1
 Corona                   Hex            1%         N/A       28%         1
 Magic Dart               Conj           4%         1d3       28%         1
 Corpse Rot               Necr/Air       N/A        N/A       41%         2
 Poisonous Vapours        Pois/Air       2%         N/A       41%         2
 Frozen Ramparts          Ice            12%        1d3       43%         3
 Mephitic Cloud           Conj/Pois/Air  1%         N/A       65%         3
 Ice Form                 Ice/Tmut       3%         N/A       91%         4
 Freezing Cloud           Conj/Ice/Air   1%         6-21      100%        5


Dungeon Overview and Level Annotations

Branches:
Dungeon (5/15)             Temple (1/1) D:4

Altars:
Cheibriados
Dithmenos
Fedhas
Gozag
Hepliaklqana
Makhleb
Nemelex Xobeh
Okawaru
Qazlal
Sif Muna
Trog
Uskayaw
Vehumet
Xom
Zin
The Shining One

Shops:
D:1 *


Innate Abilities, Weirdness & Mutations

Your dull iron-grey scales are very hard. (AC +11)
You are amphibious.
You cannot fit into any form of body armour.
You are cold-blooded and may be slowed by cold attacks.


Message History

The bullfrog skeleton barely misses you.
Your crimson imp hits the bullfrog skeleton.
The bullfrog skeleton is destroyed!
You now have 301 gold pieces (gained 4).
Magic restored.
Your crimson imp disappears in a puff of smoke!
You see here a +0 plate armour.
A steam dragon comes into view.
The steam dragon hisses angrily.
A steam dragon is nearby!
A steam dragon is nearby!
A steam dragon is nearby!
A shadowy apparition takes form in the air.
The steam dragon breathes steam at you. The ball of steam hits you!!
You are engulfed in a cloud of scalding steam.
* * * LOW HITPOINT WARNING * * *
The steam dragon bites you but does no damage.
The steam dragon claws you but does no damage.
Your shadow imp closely misses the steam dragon.
You hit the steam dragon.
You tail-slap the steam dragon, but do no damage.
The steam dragon is lightly wounded.
The steam dragon breathes steam at you. The ball of steam hits you!
* * * LOW HITPOINT WARNING * * *
You completely miss the steam dragon.
Your tail-slap misses the steam dragon.
The steam dragon is lightly wounded.
You are engulfed in a cloud of scalding steam.
* * * LOW HITPOINT WARNING * * *
Your shadow imp barely misses the steam dragon.
The steam dragon bites you.
* * * LOW HITPOINT WARNING * * *
The steam dragon claws you.
* * * LOW HITPOINT WARNING * * *
It was a potion of brilliance.
You feel clever all of a sudden.
You are engulfed in a cloud of scalding steam.
You die...
Your body crumbles into a pile of gold.

........# $
.......# .......#
.......# #......#
#......# #D.....#
.. .. #@5....#
...#.##§######
#.#..#§#
#....#§###########
#.......[........#
.##
#................#
..
#................#
.#
#..........#######
.# #....#>#####


You could see a steam dragon (ally target) and a friendly shadow imp (summoned).

Vanquished Creatures
  2 ice beasts (D:3)
  2 ogres (D:4)
  A scorpion (D:5)
  A jelly (D:4)
  A bullfrog zombie (D:5)
  2 iguanas
  An orc wizard (D:4)
  A hound skeleton (D:4)
  3 gnolls (D:5)
  3 adders
  An adder skeleton (D:4)
  3 worms
  2 dart slugs
  9 orcs
  2 bats
  5 endoplasms
  4 giant cockroaches
  3 goblins
  6 hobgoblins
  7 kobolds
  2 quokkas
  9 ball pythons
  3 frilled lizards
  4 rats
77 creatures vanquished.

Vanquished Creatures (collateral kills)
  An ogre (D:5)
  A bullfrog zombie (D:5)
  A jelly (D:5)
  A bullfrog skeleton (D:5)
4 creatures vanquished.

Vanquished Creatures (others)
  A fungus (D:2)
  A plant (D:2)
2 creatures vanquished.

Grand Total: 83 creatures vanquished

Notes
Turn   | Place    | Note
-------+----------+-------------------------------------------
     0 | D:1      | pkoi the Draconian Gladiator began the quest for the Orb.
     0 | D:1      | Reached XP level 1. HP: 17/17 MP: 1/1
    28 | D:1      | Found Zuedafo's Assorted Antiques.
   512 | D:1      | Reached XP level 2. HP: 20/24 MP: 2/2
  1235 | D:2      | Reached skill level 4 in Unarmed Combat
  1238 | D:2      | Learned a level 1 spell: Apportation
  1504 | D:2      | Reached XP level 3. HP: 29/29 MP: 3/3
  1762 | D:2      | Found a faded altar of an unknown god.
  2600 | D:3      | Reached skill level 1 in Translocations
  2820 | D:3      | Noticed an ice beast
  2825 | D:3      | Reached skill level 1 in Spellcasting
  2865 | D:3      | Killed an ice beast
  2866 | D:3      | Reached XP level 4. HP: 24/36 MP: 4/6
  2866 | D:3      | Reached XP level 5. HP: 27/41 MP: 4/7
  3043 | D:3      | Learned a level 2 spell: Call Imp
  3370 | D:4      | Noticed an ogre
  3429 | D:4      | Noticed an ice beast
  3453 | D:3      | Killed an ice beast
  3454 | D:3      | Reached skill level 5 in Unarmed Combat
  3454 | D:3      | Reached skill level 1 in Summonings
  3647 | D:4      | Killed an ogre
  3648 | D:4      | Reached XP level 6. HP: 22/48 MP: 9/9
  4037 | D:4      | Found an opulent altar of Gozag.
  4161 | D:4      | Became a worshipper of Gozag Ym Sagoz the Greedy
  4427 | D:4      | Found a staircase to the Ecumenical Temple.
  4598 | D:5      | Entered Level 5 of the Dungeon
  4644 | Temple   | Entered the Ecumenical Temple
  4812 | D:5      | Your scales start taking on a dull iron-grey colour.
  4812 | D:5      | Reached XP level 7. HP: 7/55 MP: 2/10
  5117 | D:5      | Reached skill level 6 in Unarmed Combat
  5364 | D:5      | Learned a level 4 spell: Summon Ice Beast
  5871 | D:5      | Reached skill level 1 in Ice Magic
  6156 | D:5      | Noticed a steam dragon
  6162 | D:5      | HP: 1/55 [steam dragon (4)]
  6163 | D:5      | Engulfed by a steam dragon's steam

Illustrated notes

Levels and vault maps discovered:
D:1:      amcnicky_arrival_gap_in_the_tavern_cellar, layout_basic, serial_shops,
          nicolae_shop_behind_doors, st_stairs_2, minmay_misc_feat_doors
D:2:      layout_basic, shapermc_ecumenical_altar_mp_ritualfount,
          feat_on_display
D:3:      layout_basic
D:4:      layout_cave_pools, grunt_gozag_statues, minmay_temple_entry_fiery
D:5:      layout_basic, kennysheep_generic_room_4
Temple:   regret_index_temple_waves

Skill      XL: |  1  2  3  4  5  6  7 |
---------------+----------------------+-----
Unarmed Combat | 4 5 6 |  6.3
Translocations | 2 3 4 |  4.0
Spellcasting   | 1 2 |  2.0
Summonings     | 1 2 3 |  3.6
Ice Magic      | 1 |  1.4
Fighting       | |  2.1
Throwing       | |  1.7
Dodging        | |  2.6

Action                   |  1- 3 |  4- 6 |  7- 9 || total
-------------------------+-------+-------+-------++-------
Melee: Unarmed           |   139 |    87 |    73 ||   299
       Tailslap          |    14 |     7 |    11 ||    32
       Punch             |     3 |     3 |     4 ||    10
 Cast: Call Imp          |       |     4 |    11 ||    15
  Use: Scroll            |     7 |     1 |       ||     8
       Potion            |     1 |     1 |     1 ||     3
 Stab: Sleeping          |     2 |     2 |       ||     4
       Distracted        |       |       |     2 ||     2
Armor: Skin              |    42 |    25 |    28 ||    95
Dodge: Dodged            |    70 |    54 |    49 ||   173
